 Dungeon Crawl Stone Soup version 0.30.1-11-g7821555f0a (webtiles) character file.

Game seed: 5871486355013489391

80 Arctor the Trooper (level 4, -2/36 HPs)
             Began as a Human Fighter on Jan 13, 2024.
             Slain by a gnoll
             ... wielding a +0 flail
              (6 damage)
             ... on level 3 of the Dungeon.
             The game lasted 00:01:20 (1460 turns).

Arctor the Trooper (Human Fighter)                  Turns: 1460, Time: 00:01:21

Health: -2/36      AC: 10    Str: 18    XL:     4   Next: 65%
Magic:  4/4        EV:  9    Int:  9    God:
Gold:   70         SH:  4    Dex: 12    Spells: 3/3 levels left

rFire   . . .        a - +0 war axe
rCold   . . .        c - +0 buckler
rNeg    . . .        b - +0 scale mail
rPois   .            (no helmet)
rElec   .            g - +2 cloak
rCorr   .            (no gloves)
SInv    .            (no boots)
Will    .....        (no amulet) Stlth
                     (no ring)
HPRegen 0.26/turn    (no ring)
MPRegen 0.09/turn

%: no passive effects
@: mighty
A: no striking features
a: no special abilities


You were on level 3 of the Dungeon.
You visited 1 branch of the dungeon, and saw 3 of its levels.

You collected 70 gold pieces.

Inventory:

Hand Weapons
 a - a +0 war axe (weapon)
Armour
 b - a +0 scale mail (worn)
 c - a +0 buckler (worn)
 g - a +2 cloak (worn)
Scrolls
 e - a scroll of blinking {unknown}
 f - a scroll of vulnerability {unknown}
 i - a scroll of identify {unknown}
 j - 2 scrolls of enchant armour {unknown}
 k - 2 scrolls of immolation {unknown}
 l - 2 scrolls of magic mapping {unknown}
 m - 2 scrolls of poison {unknown}
 o - a scroll of amnesia {unknown}
Potions
 h - 2 potions of curing
 n - a potion of degeneration {unknown}
 p - a potion of lignification {unknown}
 q - a potion of invisibility {unknown}
 r - a potion of magic {unknown}


   Skills:
 + Level 3.6 Fighting
 + Level 2.7 Axes
 + Level 3.5 Armour
 + Level 3.6 Shields


You had 3 spell levels left.
You didn't know any spells.
Your spell library was empty.

Dungeon Overview and Level Annotations

Branches:
Dungeon (3/15)

Altars:


Message History

You are more poisoned.
The gnoll closely misses you. The gnoll completely misses you.
You block the gnoll's attack. The gnoll hits you but does no damage.
The gnoll hits you with a +1 whip of venom.
You are lethally poisoned!
The gnoll attacks as you move away! The gnoll barely misses you.
You feel very sick.
You see here a +5 ring of evasion.
* * * LOW HITPOINT WARNING * * *
You feel very sick.
It was a potion of curing.
You feel better.
You see here 3 stones.
There is a stone staircase leading up here.
The gnoll closely misses you.
You climb upwards.
There is a stone staircase leading down here.
You climb downwards.
The gnoll hits you with a +0 spear.
There is a stone staircase leading up here.
The gnoll hits you but does no damage.
You climb upwards.
There is a stone staircase leading down here.
You feel very mighty all of a sudden. The gnoll closely misses you.
You slash the gnoll!
The gnoll is severely wounded.
You block the gnoll's attack.
You closely miss the gnoll.
The gnoll is severely wounded.
You block the gnoll's attack. The gnoll hits you with a +0 spear.
You slash the gnoll!
You kill the gnoll!
You can't go up here!
You climb downwards.
The gnoll hits you but does no damage. The gnoll hits you with a +0 flail.
There is a stone staircase leading up here.
You are too injured to fight recklessly!
You barely miss the gnoll. The gnoll hits you with a +0 flail!
* * * LOW HITPOINT WARNING * * *
The gnoll hits you with a +0 flail.
You die...

#### ..# #.# #
##.###############
#
#.b......gggg@...#
#
#..###.###b#####.#
# #..###.# #.#
#.### ####....#.#
#.#####.#.##
##.g....#.#
#..........#
##g.......#
#######.#.##
.g........# #.#.#
##........# #.#.#
#....†.### #.#.#


You could see 3 gnolls, a hobgoblin and a bat.

Vanquished Creatures
  A gnoll (D:2)
  3 adders (D:2)
  A worm (D:2)
  A dart slug (D:2)
  6 endoplasms
  3 giant cockroaches
  4 goblins
  2 hobgoblins (D:1)
  2 quokkas
  6 ball pythons
  4 bats
  4 frilled lizards
  A kobold (D:1)
  2 rats (D:2)
40 creatures vanquished.

Notes
Turn   | Place    | Note
-------+----------+-------------------------------------------
     0 | D:1      | Arctor the Human Fighter began the quest for the Orb.
     0 | D:1      | Reached XP level 1. HP: 18/18 MP: 1/1
   202 | D:1      | Reached XP level 2. HP: 24/24 MP: 2/2
   740 | D:1      | Reached XP level 3. HP: 29/29 MP: 3/3
   867 | D:2      | Reached XP level 4. HP: 34/35 MP: 4/4
  1026 | D:2      | Found a faded altar of an unknown god.
  1460 | D:3      | Slain by a gnoll

Illustrated notes

Levels and vault maps discovered:
D:1:      psy_arrival_radial01, layout_basic
D:2:      layout_rooms, hellmonk_ecumenical_altar_crossroads,
          kennysheep_generic_room_12
D:3:      layout_loops_ring, amcnicky_mini_pool_small,
          wander_ebering_terrifying_dragon_lair

Action                     |  1- 3 |  4- 6 || total
---------------------------+-------+-------++-------
  Melee: War axe           |    73 |    44 ||   117
    Use: Potion            |       |     2 ||     2
 Armour: Scale mail        |    49 |    17 ||    66
  Dodge: Dodged            |    31 |    23 ||    54
  Block: Buckler           |    20 |    13 ||    33
